 Dungeon Crawl Stone Soup version 0.30-a0-311-gf115ab0292 (webtiles) character file.

Game seed: 15440075397408093217

9665 ragingrage the Unseen (level 11, -2/54 HPs)
             Began as a Vampire Enchanter on Oct 25, 2022.
             Was an Initiate of Gozag.
             Slain by a wyvern (4 damage)
             ... on level 10 of the Dungeon.
             The game lasted 00:15:53 (9200 turns).

ragingrage the Unseen (Vampire Enchanter)           Turns: 9200, Time: 00:15:54

Health: -2/54      AC: 17    Str:  7    XL:     11   Next: 26%
Magic:  3/14       EV: 13    Int: 25    God:    Gozag
Gold:   902        SH:  0    Dex: 20    Spells: 3/14 levels left

rFire   x . .      SeeInvis +    e - +12 dagger of Ottud {vorpal, rElec Dex+2 SInv}
rCold   . . .      Faith    .    (no shield)
rNeg    + + +      Spirit   .    y - +2 robe {Will+}
rPois   ∞          Reflect  .    w - +0 helmet
rElec   +          Harm     .    (no cloak)
rCorr   .          Rampage  .    Q - +0 pair of gloves
Will    ++...                    J - +2 pair of boots
Stlth   ++++++++..               o - amulet of Elemental Vulnerability {rPois rF-- rC-- AC+8}
HPRegen 0.00/turn                P - +6 ring of intelligence
MPRegen 0.14/turn                B - ring of protection from fire

@: bloodless, inhibited regen, invisible
A: bloodless, fangs 3, see invisible, vampiric 2
a: Bat Form, Revivify, Renounce Religion, Potion Petition, Call Merchant, Bribe
Branch


You were on level 10 of the Dungeon.
You worshipped Gozag.
Gozag was pleased with you.
You visited 2 branches of the dungeon, and saw 11 of its levels.

You collected 1026 gold pieces.
You paid 124 gold pieces to Gozag.

Inventory:

Hand Weapons
 e - the +12 dagger of Ottud (weapon) {vorpal, rElec Dex+2 SInv}
   (You found it on level 3 of the Dungeon)

   It inflicts extra damage upon your enemies.
   Dex:       It affects your dexterity (+2).
   rElec:     It insulates you from electricity.
   SInv:      It lets you see invisible.
Missiles
 a - 27 poisoned darts (quivered)
 t - 6 curare-tipped darts
Armour
 w - a +0 helmet (worn)
 y - a +2 robe of willpower (worn)
 J - a +2 pair of boots (worn)
 Q - a +0 pair of gloves (worn)
Jewellery
 g - a ring of flight
 m - a ring of wizardry
 o - the amulet of Elemental Vulnerability (around neck) {rPois rF-- rC-- AC+8}
   (You found it on level 2 of the Dungeon)

   [amulet of nothing]

   AC:        It affects your AC (+8).
   rF:        It makes you very vulnerable to fire.
   rC:        It makes you very vulnerable to cold.
   rPois:     It protects you from poison.
 B - a ring of protection from fire (right hand)
 P - a +6 ring of intelligence (left hand)
Wands
 q - a wand of iceblast (9)
 u - a wand of mindburst (7)
 v - a wand of quicksilver (9)
 F - a wand of flame (42)
 I - a wand of polymorph (2)
Scrolls
 b - 2 scrolls of silence
 d - 3 scrolls of teleportation
 f - 2 scrolls of vulnerability {unknown}
 h - a scroll of fog {unknown}
 k - a scroll of summoning {unknown}
 l - a scroll of poison {unknown}
 s - a scroll of noise {unknown}
 x - a scroll of enchant weapon {unknown}
 z - 2 scrolls of amnesia
 C - a scroll of magic mapping {unknown}
 H - a scroll of enchant armour {unknown}
 L - a scroll of acquirement {unknown}
 N - a scroll of fear {unknown}
 O - 6 scrolls of identify
 R - a scroll of blinking {unknown}
Potions
 c - 4 potions of invisibility
 i - 4 potions of lignification
 j - a potion of degeneration {unknown}
 n - 2 potions of haste
 p - 4 potions of brilliance
 r - a potion of attraction {unknown}
 A - a potion of curing
 E - a potion of ambrosia
 G - 3 potions of might
 K - 2 potions of resistance {unknown}
 M - a potion of mutation {unknown}
Miscellaneous
 S - a lightning rod (4/4)


   Skills:
 - Level 10.0 Short Blades
 - Level 2.1 Dodging
 + Level 15.9 Stealth
 - Level 2.0 Spellcasting
 + Level 14.9 Hexes
 - Level 5.0 Ice Magic


You had 3 spell levels left.
You knew the following spells:

 Your Spells              Type           Power      Damage    Failure   Level
a - Ensorcelled Hibernat  Hex/Ice        100%       N/A       1%          2
b - Confusing Touch       Hex            67%        N/A       1%          3
c - Tukima's Dance        Hex            67%        N/A       1%          3
d - Dazzling Flash        Conj/Hex       78%        N/A       1%          3

Your spell library contained the following spells:

 Spells                   Type           Power      Damage    Failure   Level
 Apportation              Tloc           4%         N/A       11%         1
 Hailstorm                Conj/Ice       15%        3d5       12%         3
 Gell's Gravitas          Tloc           2%         N/A       32%         3
 Ignite Poison            Fire/Tmut/Pois 2%         N/A       32%         3
 Kindle Blastsparks       Fire/Tloc/Air  4%         2d10      32%         3
 Lesser Beckoning         Tloc           4%         N/A       32%         3
 Teleport Other           Tloc           2%         N/A       32%         3
 Summon Mana Viper        Hex/Summ       39%        N/A       14%         5
 Ice Form                 Ice/Tmut       15%        N/A       36%         4
 Freezing Cloud           Conj/Ice/Air   5%         6-21      85%         5
 Alistair's Intoxication  Tmut/Pois      1%         N/A       97%         5
 Fireball                 Conj/Fire      1%         3d3       97%         5
 Iskenderun's Battlesphe  Conj           2%         2d6       97%         5
 Summon Forest            Summ/Tloc      1%         N/A       97%         5
 Conjure Ball Lightning   Conj/Air       1%         3x3d6     100%        6
 Dispersal                Tloc           1%         N/A       100%        6
 Summon Cactus Giant      Summ           1%         N/A       100%        6
 Orb of Destruction       Conj           1%         9d5       100%        7
 Polar Vortex             Ice            13%        N/A       100%        9
 Simulacrum               Ice/Necr       Unusable   N/A       N/A         6

Dungeon Overview and Level Annotations

Branches:
Dungeon (10/15)            Temple (1/1) D:7            Lair (0/5) D:9
    Orc: D:9-12

Altars:
Ashenzari
Dithmenos
Gozag
Hepliaklqana
Kikubaaqudgha
Makhleb
Nemelex Xobeh
Okawaru
Qazlal
Ru
Sif Muna
Trog
Uskayaw
Vehumet
Wu Jian
Yredelemnul

Shops:
D:1 (

Portals:
Trove: D:10 (give 14 scrolls of teleportation)

Annotations:
D:3 exclusion: downstairs
D:7 exclusion: downstairs


Innate Abilities, Weirdness & Mutations

You do not regenerate when monsters are visible.
You are frail without blood (-20% HP).
You can heal yourself when you bite living creatures.
You are immune to poison.
You have razor-sharp teeth.
You have supernaturally acute eyesight. (SInv)
You are afflicted with vampirism and can become a bat while bloodless.


Message History

The wyvern bites you but does no damage.
The wyvern bites you!
* * * LOW HITPOINT WARNING * * *
Casting: Dazzling Flash (safe; 1% risk of failure)
Confirm with . or Enter, or press ? or * to list all spells.
Casting: Dazzling Flash (safe; 1% risk of failure)
Press: ? - help, Dir - look around, f - activate The acid dragon is dazzled.
The wyvern bites you!
* * * LOW HITPOINT WARNING * * *
You feel much better. The wyvern misses you. The wyvern barely misses you.
Casting: Dazzling Flash (safe; 1% risk of failure)
Confirm with . or Enter, or press ? or * to list all spells.
Casting: Dazzling Flash (safe; 1% risk of failure)
Press: ? - help, Dir - look around, f - activate The wyvern closely misses you.
The acid dragon spits acid at you. The splash of acid hits you!!
* * * LOW HITPOINT WARNING * * *
Casting: Dazzling Flash (safe; 1% risk of failure)
Confirm with . or Enter, or press ? or * to list all spells.
Casting: Dazzling Flash (safe; 1% risk of failure)
Press: ? - help, Dir - look around, f - activate The acid dragon is dazzled.
The wyvern completely misses you. The acid dragon barely misses you.
The acid dragon closely misses you. The wyvern closely misses you.
As you read the scroll labelled NOUDISOHASM, it crumbles to dust.
It is a scroll of amnesia.
Really abort (and waste the scroll)?
Okay, then.
The wyvern bites you!
* * * LOW HITPOINT WARNING * * *
The acid dragon closely misses you.
The acid dragon claws you but does no damage.
Okay, then.
You fade into invisibility!
The wyvern closely misses you. The acid dragon misses you.
The acid dragon claws you but does no damage.
The wyvern bites you.
You die...
Your body crumbles into a pile of gold.

############
#........>.#
#..........#
#..........#
#?.........#
#..........#
#..........##
#....@(......
#...Dl.......
...............
.............##
.............#
#######
.###.....####..
.....#. ......#
. #.....
..##+####..
...... .....
#...


You could see a wyvern (unable to see you) and an acid dragon (blind).

Vanquished Creatures
  5 two-headed ogres
  A komodo dragon (D:10)
  A kobold demonologist (D:9)
  A tengu conjurer (D:8)
  A hornet (D:7)
  A wyvern (D:8)
  A wraith (D:9)
  2 shadows
  9 yaks
  2 vampire mosquitoes
  Edmund (D:6)
  2 water moccasins (D:7)
  2 orc warriors
  2 sky beasts
  3 black bears
  2 ice beasts
  3 centaurs
  5 kobold brigands
  Blork the orc (D:6)
  5 bullfrogs
  A scorpion (D:4)
  2 gnoll sergeants
  2 necrophages
  2 wights
  4 killer bees
  2 howler monkeys
  4 hounds (D:5)
  3 jellies
  A gnoll bouda (D:5)
  4 orc priests
  10 orc wizards
  Robin (D:4)
  11 gnolls
  2 adders (D:2)
  5 white imps
  2 ufetubi
  5 worms
  A dart slug (D:2)
  41 orcs
  3 endoplasms
  2 giant cockroaches
  13 goblins
  2 hobgoblins
  2 jackals (D:5)
  A quokka (D:1)
  3 ball pythons
  4 bats
  A frilled lizard (D:2)
  18 kobolds
  4 rats
206 creatures vanquished.

Vanquished Creatures (collateral kills)
  An orc priest (D:9)
1 creature vanquished.

Vanquished Creatures (others)
  47 plants (D:8)
47 creatures vanquished.

Grand Total: 254 creatures vanquished

Notes
Turn   | Place    | Note
-------+----------+-------------------------------------------
     0 | D:1      | ragingrage the Vampire Enchanter began the quest for the
                  | Orb.
     0 | D:1      | Reached XP level 1. HP: 13/13 MP: 3/3
   103 | D:1      | Found Xergh's Weapon Shop.
   369 | D:1      | Reached XP level 2. HP: 14/17 MP: 5/5
   705 | D:2      | Reached skill level 5 in Stealth
   705 | D:2      | Reached skill level 5 in Hexes
   771 | D:2      | Gained mutation: You are afflicted with vampirism and can
                  | become a bat while bloodless. [Vampire growth]
   771 | D:2      | Reached XP level 3. HP: 7/21 MP: 6/6
   808 | D:2      | Learned a level 3 spell: Confusing Touch
   811 | D:2      | Learned a level 2 spell: Ensorcelled Hibernation
  1336 | D:2      | Found the amulet of Elemental Vulnerability {rPois rF--
                  | rC-- AC+8}
  1879 | D:3      | Identified the +12 dagger of Ottud {vorpal, rElec Dex+2
                  | SInv}
  1999 | D:3      | Reached XP level 4. HP: 26/30 MP: 7/7
  2070 | D:3      | Found an iron altar of Okawaru.
  2580 | D:4      | Noticed a scorpion
  2586 | D:4      | Killed a scorpion
  2587 | D:4      | Reached skill level 6 in Stealth
  2706 | D:4      | Reached XP level 5. HP: 33/35 MP: 1/8
  2710 | D:4      | Noticed Robin
  2803 | D:4      | Noticed a black bear
  2807 | D:4      | Killed a black bear
  3200 | D:4      | Reached skill level 7 in Stealth
  3200 | D:4      | Reached XP level 6. HP: 41/41 MP: 6/9
  3365 | D:4      | Found a stormy altar of Qazlal.
  3434 | D:4      | Killed Robin
  3598 | D:5      | Entered Level 5 of the Dungeon
  3631 | D:5      | Found a sparkling altar of Nemelex Xobeh.
  3784 | D:5      | Learned a level 3 spell: Tukima's Dance
  4002 | D:5      | Reached skill level 8 in Stealth
  4002 | D:5      | Reached XP level 7. HP: 43/46 MP: 10/10
  4027 | D:5      | Found a basalt altar of Yredelemnul.
  4223 | D:6      | Noticed Blork the orc
  4240 | D:6      | Killed Blork the orc
  4241 | D:6      | Reached skill level 5 in Short Blades
  4353 | D:6      | Noticed Edmund
  4360 | D:6      | Killed Edmund
  4361 | D:6      | Reached skill level 9 in Stealth
  4361 | D:6      | Reached skill level 1 in Ice Magic
  4740 | D:6      | Reached XP level 8. HP: 33/41 MP: 11/11
  4895 | D:6      | Learned a level 3 spell: Dazzling Flash
  5292 | D:7      | Noticed a hornet
  5451 | D:7      | Killed a hornet
  5452 | D:7      | Reached skill level 10 in Stealth
  5616 | D:7      | Noticed a two-headed ogre
  5622 | D:7      | Killed a two-headed ogre
  5623 | D:7      | Reached skill level 11 in Stealth
  5623 | D:7      | Reached skill level 10 in Hexes
  5623 | D:7      | Reached XP level 9. HP: 45/45 MP: 12/12
  6046 | D:7      | Found a staircase to the Ecumenical Temple.
  6095 | Temple   | Entered the Ecumenical Temple
  6218 | D:8      | Noticed a two-headed ogre
  6225 | D:8      | Killed a two-headed ogre
  6574 | D:8      | Reached skill level 12 in Stealth
  6574 | D:8      | Reached skill level 5 in Ice Magic
  6823 | D:8      | Noticed a two-headed ogre
  6839 | D:8      | Reached XP level 10. HP: 50/50 MP: 13/13
  6842 | D:8      | Killed a two-headed ogre
  6843 | D:8      | Reached skill level 13 in Stealth
  6978 | D:8      | Noticed a gargoyle
  6979 | D:8      | Noticed a two-headed ogre
  7084 | Temple   | Became a worshipper of Gozag Ym Sagoz the Greedy
  7150 | D:8      | Noticed a two-headed ogre
  7153 | D:8      | Killed a two-headed ogre
  7173 | D:8      | Found an ornate altar of the Wu Jian Council.
  7188 | D:8      | Reached skill level 14 in Stealth
  7535 | D:8      | Killed a two-headed ogre
  7946 | D:9      | Found a staircase to the Lair.
  7949 | D:9      | Reached skill level 10 in Short Blades
  8122 | D:9      | Found a hide-covered altar of Uskayaw.
  8122 | D:9      | Noticed a +0 dagger
  8122 | D:9      | Noticed a +0 dagger
  8144 | D:9      | Noticed a rust devil
  8153 | D:9      | Reached skill level 15 in Stealth
  8153 | D:9      | Reached XP level 11. HP: 50/54 MP: 14/14
  8750 | D:9      | Found a shadowy altar of Dithmenos.
  8921 | D:10     | Entered Level 10 of the Dungeon
  8961 | D:10     | Found a portal to a secret trove of treasure.
  9185 | D:10     | Noticed a centaur warrior
  9191 | D:10     | HP: 2/54 [troll (1)]
  9199 | D:10     | HP: 2/54 [wyvern (7)]
  9200 | D:10     | Slain by a wyvern

Illustrated notes

Levels and vault maps discovered:
D:1:      lightli_arrival_isolated_outpost, layout_basic, serial_shops,
          nicolae_shop_waterfront
D:2:      layout_loops_ring, nicolae_eternal_life
D:3:      layout_basic, mainiacjoe_overflow_paths
D:4:      layout_rooms, grunt_qazlal_sundering, uniq_robin
D:5:      layout_rooms, lemuel_doored_altar, mainiacjoe_overflow_small_starburst
D:6:      layout_basic, uniq_blork_the_orc, uniq_edmund
D:7:      layout_loops_corners, minmay_temple_entry_enclosed_plants,
          corexii_corridor_pit, hangedman_decor_slide_cut
D:8:      nzn_winding_woodlands_cross [nzn_winding_woodlands_5x15_sidewinder,
          nzn_winding_woodlands_5x15_garden, nzn_winding_woodlands_5x15_twine,
          nzn_winding_woodlands_5x15_parted,
          nzn_winding_woodlands_15x15_five_gardens], layout_basic,
          mainiacjoe_overflow_concentric_impassable,
          amcnicky_mini_rare_corridor_liquid
D:9:      layout_roguey, dancing_weapons_uskayaw, kennysheep_little_box,
          lair_entry_dummy
D:10:     hangedman_cross_cluster, layout_basic, mainiacjoe_overflow_alcove_1,
          lemuel_crystal_altar, chequers_temple_overflow_statue_of_worship,
          nicolae_trove_entry_isolated, columned_hall_lemuel
Temple:   jpeg_temple_clearing

Skill      XL: |  1  2  3  4  5  6  7  8  9 10 |
---------------+-------------------------------+-----
Short Blades   | 2 3 4 5 7 8 10 | 10.0
Stealth        | 5 6 7 8 9 11 12 15 | 15.9
Hexes          | 5 6 7 8 10 11 14 | 14.9
Ice Magic      | 2 4 5 |  5.0
Dodging        | |  2.1
Spellcasting   | |  2.0

Action                   |  1- 3 |  4- 6 |  7- 9 | 10-12 || total
-------------------------+-------+-------+-------+-------++-------
Melee: Dagger            |   103 |    64 |   142 |   146 ||   455
       Bite              |     9 |     4 |    14 |    16 ||    43
       Punch             |       |       |     1 |       ||     1
Throw: Dart              |       |     1 |       |     1 ||     2
 Cast: Ensorcelled Hiber |    10 |    17 |    29 |    15 ||    71
       Dazzling Flash    |       |       |     1 |     8 ||     9
       Tukima's Dance    |       |       |       |     3 ||     3
 Abil: Exsanguinate      |     2 |       |     1 |       ||     3
       Revivify          |     1 |       |       |       ||     1
Evoke: Wand              |       |       |       |     2 ||     2
  Use: Scroll            |       |       |     8 |     3 ||    11
       Potion            |       |       |       |     7 ||     7
 Stab: Sleeping          |    11 |    14 |    24 |    25 ||    74
       Distracted        |       |     1 |     3 |     4 ||     8
       Invisible         |       |       |     1 |     1 ||     2
Armor: Robe              |    20 |    27 |    53 |    78 ||   178
Dodge: Dodged            |    55 |    23 |    72 |   114 ||   264

Table legend: (Time is in decaauts)
 A = Elapsed time spent in this place.
 B = Non-inter-level travel time spent in this place.
 C = Inter-level travel time spent in this place.
 D = Time resting spent in this place.
 E = Time spent auto-exploring this place.
 F = Levels seen in this place.
 G = Mean time per level.
                   A        B        C        D        E       F      G
               +--------+--------+--------+--------+--------+-----+--------+
         Total |   9063 |   8564 |    499 |   1445 |   5286 |  11 |  823.9 |
       Dungeon |   8956 |   8492 |    464 |   1445 |   5225 |  10 |  895.6 |
        Temple |    107 |     73 |     34 |      0 |     61 |   1 |  107.0 |
               +--------+--------+--------+--------+--------+-----+--------+

Top non-repeatable levels by time:
     D:8: 1686 daAuts
     D:7: 1233 daAuts
     D:2: 1082 daAuts
     D:3: 1029 daAuts
     D:9: 833 daAuts
     D:4: 819 daAuts
     D:1: 735 daAuts
     D:6: 734 daAuts
     D:5: 544 daAuts
    D:10: 257 daAuts
  Temple: 107 daAuts
